| TOP OF THE 1ST |
|
Chicago (APP) Cubs batting - Pitching for Washington (APP) Nationals : LHP Ed Thorpe Jr.
|
|
Pitching: LHP Ed Thorpe Jr.
|
|
|
Batting: RHB Lencho Otieno
|
0-0: Called Strike 0-1: Ground out 6-3 (Groundball, 6S, EV 71.2 MPH)
|
|
Batting: SHB Jim Lloyd
|
0-0: Ball 1-0: Swinging Strike 1-1: Foul Ball, location: 2F 1-2: Ball 2-2: Foul Ball, location: 2F 2-2: Ball 3-2: Base on Balls
|
|
Batting: RHB Victor Ramirez
|
0-0: Foul Ball, location: 2F 0-1: Ball 1-1: Swinging Strike 1-2: Strikes out swinging
|
|
Batting: RHB Mike Stein
|
0-0: Called Strike Jim Lloyd steals 2nd base 0-1: Ball 1-1: Called Strike 1-2: Ball 2-2: Ball 3-2: Foul Ball, location: 2F 3-2: Strikes out swinging
|
| Top of the 1st over - 0 runs, 0 hits, 0 errors, 1 left on base; Chicago (APP) 0 - Washington (APP) 0 |
| BOTTOM OF THE 1ST |
|
Washington (APP) Nationals batting - Pitching for Chicago (APP) Cubs : RHP Masato Iwase
|
|
Pitching: RHP Masato Iwase
|
|
|
Batting: RHB Xavier Reeves
|
0-0: Ball 1-0: SINGLE (Groundball, 6MS, EV 72.5 MPH) (infield hit)
|
|
Batting: RHB Aaron Bateman
|
0-0: Called Strike 0-1: Ball 1-1: Foul Ball, location: 2F 1-2: Ball 2-2: Ground out 5-3 (Groundball, 56, EV 103.8 MPH) Xavier Reeves to second
|
|
Batting: RHB Er Le
|
0-0: Ball 1-0: Ball 2-0: Fly out, F8 (Flyball, 8LXD, EV 93.8 MPH) Runner from 2nd tags up, SAFE at 3rd, no throw by CF
|
|
Batting: LHB Chris Williams
|
0-0: Foul Ball, location: 2F 0-1: Ball 1-1: Ball 2-1: Called Strike 2-2: Foul Ball, location: 2F 2-2: DOUBLE (Line Drive, 7LS, EV 103.1 MPH) Xavier Reeves scores
|
|
Batting: RHB Taffounnout Kame
|
0-0: Called Strike 0-1: Ball 1-1: Ball 2-1: Called Strike 2-2: Ball 3-2: Strikes out swinging
|
| Bottom of the 1st over - 1 run, 2 hits, 0 errors, 1 left on base; Chicago (APP) 0 - Washington (APP) 1 |
| TOP OF THE 2ND |
|
Chicago (APP) Cubs batting - Pitching for Washington (APP) Nationals : LHP Ed Thorpe Jr.
|
|
Batting: RHB Andy Baumhardt
|
0-0: Ball 1-0: SINGLE (Groundball, 34D, EV 95.0 MPH)
|
|
Batting: RHB Bartolo Aguilar
|
0-0: Ball 1-0: Called Strike 1-1: Called Strike 1-2: Fly out, F7 (Flyball, 7D, EV 98.8 MPH)
|
|
Batting: RHB Juan Lira
|
0-0: Ball 1-0: Called Strike 1-1: Ball 2-1: Ground out 4-3 (Groundball, 34, EV 101.2 MPH) Andy Baumhardt to second
|
|
Batting: LHB Jose Mafano
|
0-0: Called Strike 0-1: Called Strike 0-2: Ground out 4-3 (Groundball, 4, EV 81.2 MPH)
|
| Top of the 2nd over - 0 runs, 1 hit, 0 errors, 1 left on base; Chicago (APP) 0 - Washington (APP) 1 |
| BOTTOM OF THE 2ND |
|
Washington (APP) Nationals batting - Pitching for Chicago (APP) Cubs : RHP Masato Iwase
|
|
Batting: LHB Mike Hamilton
|
0-0: Called Strike 0-1: Ground out 3-1 (Groundball, 34, EV 84.4 MPH)
|
|
Batting: SHB Ed Thorpe Jr.
|
0-0: Ball 1-0: Called Strike 1-1: Ball 2-1: Ball 3-1: Base on Balls
|
|
Batting: LHB Tony Olvera
|
0-0: Fielders Choice at 2nd, 5-4 (Groundball, 56, EV 86.9 MPH)
|
|
Batting: RHB Joe Simmelink
|
0-0: Called Strike 0-1: Foul Ball, location: 2F 0-2: DOUBLE (Groundball, 5L, EV 110.0 MPH) Tony Olvera to third
|
|
Batting: RHB Xavier Reeves
|
0-0: Ball 1-0: Called Strike 1-1: Called Strike 1-2: Ground out 2-3 (Groundball, 2L, EV 66.2 MPH)
|
| Bottom of the 2nd over - 0 runs, 1 hit, 0 errors, 2 left on base; Chicago (APP) 0 - Washington (APP) 1 |
| TOP OF THE 3RD |
|
Chicago (APP) Cubs batting - Pitching for Washington (APP) Nationals : LHP Ed Thorpe Jr.
|
|
Batting: RHB Jorge Gonzalez
|
0-0: Called Strike 0-1: Swinging Strike 0-2: SINGLE (Groundball, 6S, EV 63.1 MPH) (infield hit)
|
|
Batting: RHB Lencho Otieno
|
0-0: Called Strike 0-1: Foul Ball, location: 2F 0-2: Ball 1-2: Ball 2-2: Foul Ball, location: 2F 2-2: Strikes out swinging
|
|
Batting: SHB Jim Lloyd
|
0-0: Swinging Strike 0-1: Called Strike 0-2: Ball 1-2: Strikes out swinging
|
|
Batting: RHB Victor Ramirez
|
0-0: Called Strike Jorge Gonzalez steals 2nd base 0-1: Called Strike 0-2: Foul Ball, location: 2F 0-2: Ball 1-2: Foul Ball, location: 2F 1-2: Ball 2-2: Foul Ball, location: 2F 2-2: Ball 3-2: Strikes out swinging
|
| Top of the 3rd over - 0 runs, 1 hit, 0 errors, 1 left on base; Chicago (APP) 0 - Washington (APP) 1 |
| BOTTOM OF THE 3RD |
|
Washington (APP) Nationals batting - Pitching for Chicago (APP) Cubs : RHP Masato Iwase
|
|
Batting: RHB Aaron Bateman
|
0-0: Ball 1-0: Called Strike 1-1: SINGLE (Line Drive, 7S, EV 85.0 MPH)
|
|
Batting: RHB Er Le
|
0-0: Fly out, F8 (Line Drive, 8RD, EV 107.5 MPH)
|
|
Batting: LHB Chris Williams
|
0-0: Called Strike 0-1: Ball 1-1: Ball 2-1: Swinging Strike 2-2: Ball 3-2: Ground out 4-3 (Groundball, 4, EV 81.9 MPH) Aaron Bateman to second
|
|
Batting: RHB Taffounnout Kame
|
0-0: Ball 1-0: DOUBLE (Groundball, 5L, EV 101.9 MPH) Aaron Bateman scores
|
|
Batting: LHB Mike Hamilton
|
0-0: Called Strike 0-1: Swinging Strike 0-2: Ground out U3 (Groundball, 34, EV 80.0 MPH)
|
| Bottom of the 3rd over - 1 run, 2 hits, 0 errors, 1 left on base; Chicago (APP) 0 - Washington (APP) 2 |
| TOP OF THE 4TH |
|
Chicago (APP) Cubs batting - Pitching for Washington (APP) Nationals : LHP Ed Thorpe Jr.
|
|
Batting: RHB Mike Stein
|
0-0: Fly out, F7 (Line Drive, 8LM, EV 91.2 MPH)
|
|
Batting: RHB Andy Baumhardt
|
0-0: Ball 1-0: Called Strike 1-1: Fly out, F8 (Flyball, 8LM, EV 80.6 MPH)
|
|
Batting: RHB Bartolo Aguilar
|
0-0: Ball 1-0: Foul Ball, location: 2F 1-1: Ball 2-1: Foul Ball, location: 2F 2-2: Fly out, F9 (Flyball, 9, EV 88.8 MPH)
|
| Top of the 4th over - 0 runs, 0 hits, 0 errors, 0 left on base; Chicago (APP) 0 - Washington (APP) 2 |
| BOTTOM OF THE 4TH |
|
Washington (APP) Nationals batting - Pitching for Chicago (APP) Cubs : RHP Masato Iwase
|
|
Batting: SHB Ed Thorpe Jr.
|
0-0: Called Strike 0-1: Called Strike 0-2: Ball 1-2: Ball 2-2: Ball 3-2: Base on Balls
|
|
Batting: LHB Tony Olvera
|
0-0: Ball 1-0: Ball 2-0: Called Strike 2-1: Called Strike 2-2: Foul Ball, location: 2F 2-2: Strikes out swinging
|
|
Batting: RHB Joe Simmelink
|
0-0: Called Strike 0-1: Ball 1-1: Ball 2-1: Ball 3-1: Base on Balls Ed Thorpe Jr. to second
|
|
Batting: RHB Xavier Reeves
|
0-0: Called Strike 0-1: Fly out, F7 (Flyball, 7S, EV 88.1 MPH)
|
|
Batting: RHB Aaron Bateman
|
0-0: Swinging Strike 0-1: Ball 1-1: Foul Ball, location: 2F 1-2: Ball 2-2: Foul Ball, location: 2F 2-2: Ball 3-2: Strikes out swinging
|
| Bottom of the 4th over - 0 runs, 0 hits, 0 errors, 2 left on base; Chicago (APP) 0 - Washington (APP) 2 |
| TOP OF THE 5TH |
|
Chicago (APP) Cubs batting - Pitching for Washington (APP) Nationals : LHP Ed Thorpe Jr.
|
|
Batting: RHB Juan Lira
|
0-0: Called Strike 0-1: Ball 1-1: Foul Ball, location: 2F 1-2: Strikes out looking
|
|
Batting: LHB Jose Mafano
|
0-0: Swinging Strike 0-1: Called Strike 0-2: Strikes out swinging
|
|
Batting: RHB Jorge Gonzalez
|
0-0: Ground out 6-3 (Groundball, P, EV 85.0 MPH)
|
| Top of the 5th over - 0 runs, 0 hits, 0 errors, 0 left on base; Chicago (APP) 0 - Washington (APP) 2 |
| BOTTOM OF THE 5TH |
|
Washington (APP) Nationals batting - Pitching for Chicago (APP) Cubs : RHP Masato Iwase
|
|
Batting: RHB Er Le
|
0-0: Called Strike 0-1: Ball 1-1: Fly out, F8 (Flyball, 8RM, EV 93.1 MPH)
|
|
Batting: LHB Chris Williams
|
0-0: Called Strike 0-1: Ball 1-1: Ball 2-1: Ball 3-1: Foul Ball, location: 2F 3-2: Foul Ball, location: 2F 3-2: SOLO HOME RUN (Flyball, 89XD, EV 109.4 MPH), Distance : 395 ft
|
|
Batting: RHB Taffounnout Kame
|
0-0: Swinging Strike 0-1: Ball 1-1: Called Strike 1-2: Strikes out swinging
|
|
Batting: LHB Mike Hamilton
|
0-0: Ball 1-0: Ball 2-0: Ball 3-0: Called Strike 3-1: Base on Balls
|
|
Batting: SHB Ed Thorpe Jr.
|
0-0: Called Strike 0-1: Swinging Strike 0-2: Ball 1-2: Ball 2-2: Foul Ball, location: 2F 2-2: Ball 3-2: SINGLE (Flyball, 7LS, EV 92.5 MPH) Mike Hamilton to second Mike Hamilton to third
|
|
Batting: LHB Tony Olvera
|
0-0: Foul Ball, location: 2F 0-1: Ball 1-1: Ball 2-1: Foul Ball, location: 2F 2-2: Ball 3-2: Fly out, F9 (Flyball, 89S, EV 88.8 MPH)
|
| Bottom of the 5th over - 1 run, 2 hits, 0 errors, 2 left on base; Chicago (APP) 0 - Washington (APP) 3 |
| TOP OF THE 6TH |
|
Chicago (APP) Cubs batting - Pitching for Washington (APP) Nationals : LHP Ed Thorpe Jr.
|
|
Batting: RHB Lencho Otieno
|
0-0: Called Strike 0-1: Called Strike 0-2: Ball 1-2: Foul Ball, location: 2F 1-2: Strikes out looking
|
|
Pitching: LHP Mike Rosas
|
|
|
Batting: SHB Jim Lloyd
|
0-0: Called Strike 0-1: Foul Ball, location: 2F 0-2: Foul Ball, location: 2F 0-2: Ball 1-2: Foul Ball, location: 2F 1-2: Strikes out swinging
|
|
Batting: RHB Victor Ramirez
|
0-0: Foul Ball, location: 2F 0-1: Foul Ball, location: 2F 0-2: Ground out U3 (Groundball, 3S, EV 84.4 MPH)
|
| Top of the 6th over - 0 runs, 0 hits, 0 errors, 0 left on base; Chicago (APP) 0 - Washington (APP) 3 |
| BOTTOM OF THE 6TH |
|
Washington (APP) Nationals batting - Pitching for Chicago (APP) Cubs : RHP Masato Iwase
|
|
Batting: RHB Joe Simmelink
|
0-0: Foul Ball, location: 2F 0-1: Reached on error, E5 (Groundball, 5D, EV 103.1 MPH)
|
|
Batting: RHB Xavier Reeves
|
0-0: Ball 1-0: Ball 2-0: Foul Ball, location: 2F 2-1: Ball 3-1: Base on Balls
|
|
Batting: RHB Aaron Bateman
|
0-0: Foul Ball, location: 2F 0-1: Ball 1-1: Called Strike 1-2: Foul Ball, location: 2F 1-2: Foul Ball, location: 2F 1-2: Ball 2-2: Ball 3-2: Base on Balls Joe Simmelink to third Xavier Reeves to second
|
|
Batting: RHB Er Le
|
0-0: Ball Wild Pitch! Joe Simmelink scores Xavier Reeves to third Aaron Bateman to second 1-0: Foul Ball, location: 2F 1-1: Ball 2-1: Ball Passed Ball! Xavier Reeves scores Aaron Bateman to third 3-1: Base on Balls
|
|
Batting: LHB Chris Williams
|
0-0: Ball 1-0: Ball 2-0: Ball 3-0: Base on Balls Er Le to second
|
|
Batting: RHB Taffounnout Kame
|
0-0: Called Strike 0-1: Fielders Choice at 2nd, 5-4 (Groundball, 25, EV 88.1 MPH) Aaron Bateman scores Er Le to third
|
|
Batting: LHB Mike Hamilton
|
0-0: 3-RUN HOME RUN (Flyball, 89XD, EV 102.5 MPH), Distance : 408 ft
|
|
Pitching: RHP Bobby Almonte
|
|
|
Batting: SHB Ed Thorpe Jr.
|
0-0: Swinging Strike 0-1: Ball 1-1: Ball 2-1: Ground out 6-3 (Groundball, 56, EV 86.2 MPH)
|
|
Batting: LHB Tony Olvera
|
0-0: Ball 1-0: Foul Ball, location: 2F 1-1: Fly out, F8 (Flyball, 8RD, EV 103.1 MPH)
|
| Bottom of the 6th over - 6 runs, 1 hit, 1 error, 0 left on base; Chicago (APP) 0 - Washington (APP) 9 |
| TOP OF THE 7TH |
|
Chicago (APP) Cubs batting - Pitching for Washington (APP) Nationals : LHP Mike Rosas
|
|
Batting: RHB Mike Stein
|
0-0: Called Strike 0-1: Called Strike 0-2: Ball 1-2: Ball 2-2: Ball 3-2: Ground out 5-3 (Groundball, 15, EV 83.1 MPH)
|
|
Pinch Hitting: RHB Andy Villarreal
|
0-0: Swinging Strike 0-1: Swinging Strike 0-2: Foul Ball, location: 2F 0-2: Strikes out swinging
|
|
Batting: RHB Bartolo Aguilar
|
0-0: Ball 1-0: Foul Ball, location: 2F 1-1: Foul Ball, location: 2F 1-2: Ball 2-2: Foul Ball, location: 2F 2-2: Foul Ball, location: 2F 2-2: Ball 3-2: SINGLE (Line Drive, 8LS, EV 99.4 MPH)
|
|
Batting: RHB Juan Lira
|
0-0: Ball 1-0: Called Strike 1-1: Foul Ball, location: 2F 1-2: Ball 2-2: Foul Ball, location: 2F 2-2: Strikes out swinging
|
| Top of the 7th over - 0 runs, 1 hit, 0 errors, 1 left on base; Chicago (APP) 0 - Washington (APP) 9 |
| BOTTOM OF THE 7TH |
|
Washington (APP) Nationals batting - Pitching for Chicago (APP) Cubs : RHP Bobby Almonte
|
|
Now in CF: Andy Villarreal
|
|
|
Now in RF: Jose Mafano
|
|
|
Batting: RHB Joe Simmelink
|
0-0: Ball 1-0: Foul Ball, location: 2F 1-1: Foul Ball, location: 2F 1-2: Strikes out looking
|
|
Pinch Hitting: RHB Jason Ewert
|
0-0: Ball 1-0: Swinging Strike 1-1: Called Strike 1-2: Foul Ball, location: 2F 1-2: Ball 2-2: Ball 3-2: Base on Balls
|
|
Pinch Hitting: RHB Steve Kunselman
|
0-0: Ball 1-0: Fly out, F9 (Flyball, 9S, EV 81.2 MPH)
|
|
Pinch Hitting: RHB Justin Van Houten
|
0-0: Ball 1-0: Ball 2-0: Foul Ball, location: 2F 2-1: Ball 3-1: SINGLE (Line Drive, 8LS, EV 103.8 MPH) Jason Ewert to second
|
|
Pinch Hitting: RHB Lamar Thornton
|
0-0: Called Strike 0-1: Ball 1-1: Foul Ball, location: 2F 1-2: Ball 2-2: Ball 3-2: Base on Balls Jason Ewert to third Justin Van Houten to second
|
|
Batting: RHB Taffounnout Kame
|
0-0: Ball 1-0: Called Strike 1-1: Ball 2-1: Called Strike 2-2: Foul Ball, location: 2F 2-2: Ball 3-2: SINGLE (Line Drive, 9S, EV 110.0 MPH) Jason Ewert scores Justin Van Houten to third Lamar Thornton to second Justin Van Houten scores Lamar Thornton to third
|
|
Batting: LHB Mike Hamilton
|
0-0: Called Strike 0-1: Ball 1-1: Swinging Strike 1-2: Ball 2-2: Strikes out swinging
|
| Bottom of the 7th over - 2 runs, 2 hits, 0 errors, 2 left on base; Chicago (APP) 0 - Washington (APP) 11 |
| TOP OF THE 8TH |
|
Chicago (APP) Cubs batting - Pitching for Washington (APP) Nationals : LHP Mike Rosas
|
|
Now at 1B: Vasag Semerjian
|
|
|
Now at 2B: Justin Van Houten
|
|
|
Now at SS: Jason Ewert
|
|
|
Now in RF: Lamar Thornton
|
|
|
Batting: LHB Jose Mafano
|
0-0: Called Strike 0-1: Ball 1-1: Called Strike 1-2: Strikes out swinging
|
|
Batting: RHB Jorge Gonzalez
|
0-0: Called Strike 0-1: Ground out 5-3 (Groundball, 5, EV 110.0 MPH)
|
|
Batting: RHB Lencho Otieno
|
0-0: Called Strike 0-1: Ball 1-1: Ball 2-1: Ball 3-1: Base on Balls
|
|
Batting: SHB Jim Lloyd
|
0-0: Called Strike 0-1: Swinging Strike 0-2: Foul Ball, location: 2F 0-2: Foul Ball, location: 2F 0-2: Foul Ball, location: 2F 0-2: Ground out 4-3 (Groundball, 4, EV 79.4 MPH)
|
| Top of the 8th over - 0 runs, 0 hits, 0 errors, 1 left on base; Chicago (APP) 0 - Washington (APP) 11 |
| BOTTOM OF THE 8TH |
|
Washington (APP) Nationals batting - Pitching for Chicago (APP) Cubs : RHP Bobby Almonte
|
|
Batting: SHB Ed Thorpe Jr.
|
0-0: Ball 1-0: Ground out U3 (Groundball, 34, EV 82.5 MPH)
|
|
Batting: LHB Tony Olvera
|
0-0: SINGLE (Groundball, 4MD, EV 105.6 MPH)
|
|
Batting: RHB Joe Simmelink
|
0-0: SINGLE (Line Drive, 6MD, EV 95.6 MPH) Tony Olvera to second
|
|
Batting: RHB Jason Ewert
|
0-0: Ball 1-0: Ball 2-0: Foul Ball, location: 2F 2-1: Called Strike 2-2: Strikes out looking
|
|
Pinch Hitting: RHB Kiyonaga Nakamura
|
0-0: Swinging Strike 0-1: Ball 1-1: Swinging Strike 1-2: Foul Ball, location: 2F 1-2: Strikes out swinging
|
| Bottom of the 8th over - 0 runs, 2 hits, 0 errors, 2 left on base; Chicago (APP) 0 - Washington (APP) 11 |
| TOP OF THE 9TH |
|
Chicago (APP) Cubs batting - Pitching for Washington (APP) Nationals : LHP Mike Rosas
|
|
Pitching: RHP Omar Perez
|
|
|
Now at 1B: Kiyonaga Nakamura
|
|
|
Pinch Hitting: RHB T.J. Garrison
|
0-0: Swinging Strike 0-1: Foul Ball, location: 2F 0-2: Ball 1-2: Ball 2-2: SINGLE (Flyball, 3D, EV 92.5 MPH) - OUT at second base trying to stretch hit.
|
|
Batting: RHB Mike Stein
|
0-0: Ball 1-0: Ball 2-0: Ball 3-0: Called Strike 3-1: Foul Ball, location: 2F 3-2: Base on Balls
|
|
Pinch Hitting: RHB Dustin Goldsborough
|
0-0: Ball 1-0: Ball 2-0: Foul Ball, location: 2F 2-1: SINGLE (Groundball, 6MD, EV 106.2 MPH) Mike Stein to second
|
|
Batting: RHB Bartolo Aguilar
|
0-0: Called Strike 0-1: Foul Ball, location: 2F 0-2: Ball 1-2: Ball 2-2: Ball 3-2: Fielders Choice at 2nd, 6-4 (Groundball, 6, EV 90.0 MPH) Mike Stein to third
|
|
Batting: RHB Juan Lira
|
0-0: Ball 1-0: Called Strike 1-1: Ball 2-1: Ball 3-1: Swinging Strike 3-2: Strikes out looking
|
| Top of the 9th over - 0 runs, 2 hits, 0 errors, 2 left on base; Chicago (APP) 0 - Washington (APP) 11 |
|